[Event "*** Titled Tuesday Blitz"]
[Site "Chess.com"]
[Date "2020.11.03"]
[Round "7"]
[White "orestn"]
[Black "Nachsueb"]
[Result "0-1"]
[WhiteElo "2361"]
[BlackElo "2149"]
[TimeControl "180+1"]
[EndTime "11:21:26 PST"]
[Termination "Nachsueb won on time"]

1. e4 e6 2. d4 d5 3. Nc3 Bb4 4. e5 c5 5. a3 Bxc3+ 6. bxc3 Ne7 7. h4 Qc7 8. Nf3 Nbc6 9. h5 h6 10. Rh4 Nf5 11. Rf4 Bd7 12. Rb1 cxd4 13. cxd4 Na5 14.
g4 Ne7 15. Bd2 Nc4 16. Bc1 b5 17. Bd3 f6 18. exf6 gxf6 19. Rxf6 O-O-O 20. Qe2 Rhg8 21. Ne5 Nxe5 22. dxe5 a6 23. Bd2 Nc6 24. f4 Nd4 25. Qd1 Nc6 26. Rxh6 Rdf8 27. Rf6 Rxf6 28. exf6 e5 29. g5 exf4 30. f7 Rf8 31. g6 Qe5+ 32. Qe2 Qg5 33. Qf3 Nd4 34. Qxf4 Qg1+ 35. Qf1 Qg3+ 36.
Kd1 Bg4+ 37. Kc1 Bxh5 38. Qf4 Qg1+ 39. Kb2 Ne6 40. Qd6 Qd4+ 41. Ka2 Qf6 42. Bb4 Bxg6 0-1

[Event "*** Titled Tuesday Blitz"]
[Site "Chess.com"]
[Date "2020.11.03"]
[Round "7"]
[White "GMKrikor"]
[Black "Crazy_girl99"]
[Result "1-0"]
[WhiteElo "2768"]
[BlackElo "2534"]
[TimeControl "180+1"]
[EndTime "11:21:27 PST"]
[Termination "GMKrikor won on time"]

1. e4 e5 2. Bc4 Nc6 3. Nc3 Nf6 4. d3 Bc5 5. f4 d6 6. Nf3 Bg4 7. Na4 Qe7 8. Nxc5 dxc5 9. O-O O-O-O 10. h3 Bh5 11.
Qe1 exf4 12. Bxf4 Kb8 13. Qf2 h6 14. Be3 b6 15. a3 Nd7 16. b4 cxb4 17. axb4 Nxb4 18.
Bb3 Bxf3 19. Qxf3 f6 20. Qg3 Rhe8 21. Ra4 a5 22. Raa1 Ne5 23. Bd2 Nbc6 24. Bd5 Rd6 25. Bc3 Red8 26. Rfb1 Rxd5 27. exd5 Rxd5 28. Kh1 g5 29. Re1 Qd6 30. Qf2 Kb7 31. Rab1 Nd4 32. Bb2 a4 33. Re4 Ndc6 34. Rxa4 g4 35. hxg4 Qd7 36.
Qf5 Qg7 37. Qe4 Rd6 38. Rba1 Kc8 39. Ra8+ Kd7 40. Qf5+ Re6 41. Re8 Qxg4 42. Qxg4 Nxg4 43. Rxe6 Kxe6 44. Re1+ Kf7 45. Kg1 Nce5 46. Re4 h5 47.
Kf1 c5 48. Ke2 Ke6 49. Rf4 f5 50. Rf1 Kd5 51. Rh1 1-0

[Event "*** Titled Tuesday Blitz"]
[Site "Chess.com"]
[Date "2020.11.03"]
[Round "7"]
[White "anon481216"]
[Black "korbul"]
[Result "1-0"]
[WhiteElo "2406"]
[BlackElo "2532"]
[TimeControl "180+1"]
[EndTime "11:21:27 PST"]
[Termination "anon481216 won by resignation"]

1. d4 Nf6 2. c4 e6 3. Nf3 b6 4. a3 g6 5. Nc3 Bg7 6. e4 d6 7. Bd3 e5 8. d5 a5 9. Bd2 O-O 10. O-O Nh5 11. g3 Bh3 12. Re1 h6 13. b4 Nd7 14. Nh4 Ndf6 15. f3 Bd7 16. Qc2 Kh7 17. c5 Ne8 18. c6 Bc8 19. bxa5 Rxa5 20. Nb5 Rxb5 21. Bxb5 f5 22. exf5 gxf5 23. Bd3 e4 24.
fxe4 Bxa1 25. Rxa1 Qf6 26. Rf1 Neg7 27. Bc3 Qg5 28.
exf5 Nf6 29. Bc4 Qe3+ 30. Kh1 Kg8 31. Ng2 Qc5 32. Qe2 Bxf5 33. Rf4 Be4 34. Rxe4 Nxe4 35.
Qxe4 Re8 36. Qg4 Re7 37. h4 Qf2 38. Kh2 Kf8 39. h5 Nf5 40. Qf4 Qxf4 41. Nxf4 Ne3 42. Ng6+ Kf7 43. Nxe7 Nxc4 44. Nf5 Nxa3 45. Nxh6+ Kf8 46.
Ng4 Nb5 47. h6 Nxc3 48. Nf6 Nxd5 49. Nxd5 Kg8 50. Nxc7 b5 51. Nxb5 1-0

[Event "*** Titled Tuesday Blitz"]
[Site "Chess.com"]
[Date "2020.11.03"]
[Round "7"]
[White "PawnEatingZombie"]
[Black "MYMChessAcademy"]
[Result "1-0"]
[WhiteElo "2158"]
[BlackElo "2045"]
[TimeControl "180+1"]
[EndTime "11:21:27 PST"]
[Termination "PawnEatingZombie won by checkmate"]

1. d4 Nf6 2. c4 g6 3. Nc3 Bg7 4. e4 d6 5. Be2 O-O 6. Be3 Nbd7 7. Nf3 Re8 8. O-O e5 9. d5 Ng4 10. Bg5 f6 11. Bc1 Nc5 12. Ne1 f5 13. f3 Nf6 14. b4 Na6 15. a3 f4 16. Nd3 g5 17.
c5 dxc5 18. b5 Nb8 19. Nxc5 h5 20. Ne6 Bxe6 21. dxe6 Qe7 22. Nd5 Qc5+ 23. Kh1 Nxd5 24. Qxd5 Qe7 25. Bc4 c6 26. bxc6 bxc6 27. Qa5 g4 28. Bb2 g3 29. h3 Kh8 30. Bxe5 c5 31. Bxg7+ Kxg7 32. Bd5 Qf6 33. Bxa8 Qxe6 34. Qc3+ Kh7 35.
Bd5 Qg6 36. Qxc5 Nd7 37. Qc7 Re7 38. Rad1 Qf6 39. Qxa7 Ne5 40. Qd4 Qh4 41. a4 Ng4 42. fxg4 hxg4 43. Rxf4 Rg7 44. Qxg7+ Kxg7 45. Rxg4+ Qxg4 46. hxg4 Kf6 47. a5 Ke5 48. a6 Kf4 49. a7 Kxg4 50.
a8=Q Kh4 51. Qh8+ Kg4 52. Qg8+ Kf4 53. Qf7+ Ke3 54. Qg6 Ke2 55. Rg1 Kf2 56. Qf5+ Ke2 57. Qf4 Kd3 58. Qxg3+ Kd4 59. Qf4 Kd3 60. g4 Ke2 61. g5 Kd3 62. g6 Ke2 63. g7 Kd3 64.
Rg3+ Ke2 65. Qe3+ Kd1 66. Bb3# 1-0

[Event "*** Titled Tuesday Blitz"]
[Site "Chess.com"]
[Date "2020.11.03"]
[Round "7"]
[White "Supernotar"]
[Black "giantslayer83"]
[Result "1-0"]
[WhiteElo "2848"]
[BlackElo "2707"]
[TimeControl "180+1"]
[EndTime "11:21:28 PST"]
[Termination "Supernotar won by checkmate"]

1. d4 Nf6 2. c4 e6 3. Nf3 d5 4. e3 b6 5. Nbd2 Bb7 6. Bd3 Nbd7 7. O-O Bd6 8. b3 O-O 9. Bb2 Ne4 10. Qe2 f5 11. cxd5 exd5 12. Ba6 Bxa6 13. Qxa6 Qe7 14. g3 Ndf6 15. Rac1 Ng4 16. Rc2 Rae8 17. Ne5 Bxe5 18.
dxe5 Nxe5 19. Bxe5 Qxe5 20. Qxa7 Nc5 21. Qa3 Ra8 22.
Qc1 Nd3 23. Qb1 Nb4 24. Rb2 c5 25. a4 Rad8 26. Nf3 Qe4 27. Qd1 d4 28. exd4 f4 29. Re1 Qb7 30. Ne5 Rxd4 31. Rd2 fxg3 32. hxg3 Qd5 33.
Rxd4 cxd4 34. Qd2 Na6 35. f4 Nc5 36. b4 Nxa4 37. Rc1 Rd8 38. Nc6 Rd7 39. Qe2 h6 40. Qe8+ Kh7 41. Ne5 Rd8 42. Qg6+ Kh8 43. Nf7+ Kg8 44.
Nxh6+ Kf8 45. Rc7 Rd7 46. Rc8+ Ke7 47. Re8# 1-0

[Event "*** Titled Tuesday Blitz"]
[Site "Chess.com"]
[Date "2020.11.03"]
[Round "7"]
[White "1stSecond"]
[Black "ZverevLev"]
[Result "1-0"]
[WhiteElo "2756"]
[BlackElo "2284"]
[TimeControl "180+1"]
[EndTime "11:21:29 PST"]
[Termination "1stSecond won on time"]

1. c4 e5 2. Nc3 Nf6 3. g3 d5 4.
cxd5 Nxd5 5. Bg2 Be6 6. Nf3 Nc6 7. O-O Be7 8. a3 O-O 9. d3 a5 10. Bd2 f6 11. Rc1 Qd7 12. Ne4 Rad8 13. Nc5 Bxc5 14. Rxc5 b6 15. Rc1 Nce7 16. b4 axb4 17. axb4 c6 18. Qc2 h6 19. Ra1 Bh3 20. Bxh3 Qxh3 21.
Ra7 Nf5 22. Qxc6 Rfe8 23. e4 Nf4 24. Bxf4 Qg4 25. exf5 exf4 26. Qc4+ Kh8 27. Qxf4 Qh5 28. Nh4 Rxd3 29. Ng6+ Kh7 30. Qc7 Rg8 31. Qc4 Rdd8 32.
Qe4 Rge8 33. Qf4 Rd1 34. Re7 Red8 35. Ree1 R1d4 36. Re4 Rd1 37. Rxd1 Rxd1+ 38. Kg2 Rd8 39. g4 Qg5 40. h4 Qxf4 41. Nxf4 b5 42. Re7 Kh8 43. Nh5 Rd2 44. Nxg7 Rb2 45. Kg3 Rb3+ 46. f3 Rc3 47. Nh5 Rb3 48. Rb7 Rc3 49. Rxb5 Rb3 50. Rb6 Rb1 51. Nxf6 Rg1+ 52. Kf4 Rb1 53. g5 h5 54. Rb8+ Kg7 55. Rb7+ 1-0

[Event "*** Titled Tuesday Blitz"]
[Site "Chess.com"]
[Date "2020.11.03"]
[Round "7"]
[White "SanchezKelvin"]
[Black "gilbert_gm"]
[Result "1-0"]
[WhiteElo "2431"]
[BlackElo "2564"]
[TimeControl "180+1"]
[EndTime "11:21:29 PST"]
[Termination "SanchezKelvin won on time"]

1. d4 Nf6 2. c4 g6 3. Nc3 Bg7 4. Nf3 O-O 5. e4 d6 6. Be2 e5 7. O-O Nc6 8. d5 Ne7 9. Ne1 Nd7 10. Nd3 f5 11. Bd2 b6 12. b4 Nf6 13. f3 f4 14.
c5 g5 15. cxd6 cxd6 16. Nf2 h5 17. h3 Ng6 18. Rc1 Nh4 19. Nb5 Ne8 20. a4 Bd7 21. Qb3 Rf6 22. Rc6 a6 23. Na3 Kh7 24. Rc3 Rg6 25.
Rfc1 Nf6 26. Be1 g4 27. hxg4 hxg4 28. fxg4 Nxg4 29. Nxg4 Bxg4 30. Bxg4 Rxg4 31. Bxh4 Rxh4 32. Rh3 Kg6 33. Rcc3 Qg5 34. Rxh4 Qxh4 35. Rh3 Qe1+ 36. Kh2 Bf6 37. Qf3 Rh8 38. Qg4+ Kf7 39. Nc4 Rxh3+ 40.
Qxh3 Be7 41. Qf5+ Kg7 42. Qg4+ Kf7 43. Qf5+ Kg7 44. Qg4+ Kf7 45. Nxb6 Qxb4 46. Nc8 Bf6 47. Qe6+ Kg6 48. Nxd6 Qe1 49. Qg4+ Kh7 50. Qh5+ Kg8 51. Qg6+ Bg7 52. Nf5 1-0

[Event "*** Titled Tuesday Blitz"]
[Site "Chess.com"]
[Date "2020.11.03"]
[Round "7"]
[White "KetiGrant"]
[Black "Sergey85Rodchenkov"]
[Result "1-0"]
[WhiteElo "2310"]
[BlackElo "2435"]
[TimeControl "180+1"]
[EndTime "11:21:30 PST"]
[Termination "KetiGrant won on time"]

1. e4 c5 2. Nf3 d6 3. Bb5+ Nd7 4. c3 Nf6 5. Bd3 g6 6. O-O Bg7 7. Bc2 O-O 8. d4 b5 9. e5 Ne8 10. Re1 Nc7 11. Bg5 dxe5 12. dxe5 Ne6 13. Bh4 Bb7 14. Nbd2 Re8 15. Qe2 c4 16. Rad1 Qc7 17. Bg3 Ndc5 18. Nd4 Nxd4 19. cxd4 Ne6 20. Ne4 Rad8 21. Qe3 Qc6 22.
f3 Rd5 23. Nc3 Nc7 24. Be4 e6 25. Bf4 Bf8 26. Bh6 Bb4 27. Qg5 Be7 28. Qg4 a5 29. h4 b4 30. Nxd5 Nxd5 31. h5 Bf8 32. Bxf8 Kxf8 33.
Kf2 c3 34. bxc3 bxc3 35. hxg6 hxg6 36. Rh1 Ke7 37. Rh7 Rf8 38. Bxg6 Ke8 39. Be4 Ba6 40. Rc1 Qc4 41. Bxd5 exd5 42. e6 Qe2+ 43. Kg1 Qe3+ 44. Kh2 Qxc1 45. exf7+ Ke7 46. Qh4+ Kd7 47. Qg4+ Ke7 48.
Qh4+ Kd7 49. Qg4+ Kc7 50. Qg3+ Kb7 51. Qd6 1-0

[Event "*** Titled Tuesday Blitz"]
[Site "Chess.com"]
[Date "2020.11.03"]
[Round "7"]
[White "NewBornNow"]
[Black "Oleksandr_Bortnyk"]
[Result "0-1"]
[WhiteElo "2647"]
[BlackElo "2910"]
[TimeControl "180+1"]
[EndTime "11:21:31 PST"]
[Termination "Oleksandr_Bortnyk won on time"]

1. e4 c5 2. Nf3 d6 3. Bb5+ Nd7 4. O-O Nf6 5. Re1 a6 6. Bf1 e5 7. c3 Be7 8. d4 O-O 9. dxe5 dxe5 10. c4 Nb8 11.
Qxd8 Bxd8 12. Nxe5 Re8 13. f4 Bc7 14. Nc3 Bxe5 15.
fxe5 Nfd7 16. Nd5 Ra7 17. Nc7 Re7 18. Bg5 Rxe5 19. Bf4 Nc6 20. Rad1 Kf8 21. Bxe5 Ndxe5 22. Nd5 Nd4 23. b4 Nc2 24. Re2 Nd4 25. Rb2 Bg4 26. Rdd2 Ne6 27. Ne3 Bh5 28. Rd5 f6 29. bxc5 Bg6 30.
Nf5 Be8 31. Nd4 Ng5 32. Rd8 Ke7 33. Rb8 Nxe4 34. R8xb7+ Rxb7 35. Rxb7+ Kd8 36. Ne6+ Kc8 37.
Rc7+ Kb8 38. Rxg7 Bd7 39. Nd4 h5 40. c6 Bc8 41. c7+ Kb7 42. c5 Nxc5 43. Nb3 Ne6 0-1

[Event "*** Titled Tuesday Blitz"]
[Site "Chess.com"]
[Date "2020.11.03"]
[Round "7"]
[White "Maxim_e2e4"]
[Black "lefonghua"]
[Result "0-1"]
[WhiteElo "2363"]
[BlackElo "2324"]
[TimeControl "180+1"]
[EndTime "11:21:31 PST"]
[Termination "lefonghua won on time"]

1. e4 c5 2. Nf3 g6 3. d4 cxd4 4. Nxd4 Bg7 5. c4 Nc6 6. Be3 Nf6 7. Nc3 d6 8. Be2 O-O 9. f3 Bd7 10. Qd2 Nxd4 11. Bxd4 a5 12. h4 h5 13. O-O-O a4 14.
a3 Qa5 15. g4 Rfc8 16. gxh5 Nxh5 17. Bxg7 Kxg7 18. Rdg1 Qe5 19. Rg5 Qf4 20. Nd5 Qxd2+ 21. Kxd2 Rc5 22. Rhg1 Kf8 23. Nb6 Rd8 24. Ke3 Rxg5 25.
hxg5 Bc6 26. Bd1 e5 27. Bxa4 Bxa4 28. Nxa4 Nf4 29. Nb6 Kg7 30. Rd1 Ne6 31. b4 Nd4 32. Rxd4 exd4+ 33. Kxd4 Kf8 34. a4 Ke7 35. a5 Rh8 36. b5 Kd8 37. Nd5 Rh1 38. f4 Ra1 39.
f5 Rxa5 40. fxg6 fxg6 41. Nf4 Ra1 42. Nxg6 Rg1 43. Nf4 Kd7 44. g6 Rg3 45. e5 dxe5+ 46. Kxe5 Ke7 47. Nd5+ Kf8 48. Kf6 Rf3+ 49. Ke6 Rf1 50.
Kd6 Rc1 51. c5 Kg7 52. Nb6 Kxg6 53. Nc8 Kf7 0-1

[Event "*** Titled Tuesday Blitz"]
[Site "Chess.com"]
[Date "2020.11.03"]
[Round "7"]
[White "JoachimMouhamad"]
[Black "Jeffinho023"]
[Result "1-0"]
[WhiteElo "2404"]
[BlackElo "2542"]
[TimeControl "180+1"]
[EndTime "11:21:32 PST"]
[Termination "JoachimMouhamad won on time"]

1. e4 c6 2. d4 d5 3. Nc3 dxe4 4. Nxe4 Bf5 5. Ng3 Bg6 6. h4 h6 7. Nf3 Nd7 8. h5 Bh7 9. Bd3 Bxd3 10. Qxd3 e6 11. Bd2 Ngf6 12. O-O-O Be7 13. Kb1 O-O 14. Ne4 Nxe4 15. Qxe4 Nf6 16. Qe2 Qd5 17. Be3 b5 18.
Ne5 Nd7 19. f4 Nxe5 20. dxe5 Qe4 21. Rd4 Qh7 22. Rd7 Bb4 23. Rhd1 a6 24. Bc1 Ba5 25.
g4 Bb6 26. Qf3 Rac8 27. f5 Bc5 28. Qe4 Rfe8 29. Qf3 exf5 30. gxf5 Rxe5 31. Rd8+ Rxd8 32. Rxd8+ Bf8 33. Qxc6 Qxf5 34. Qa8 Qxh5 35. Rxf8+ Kh7 36. Rh8+ Kg6 37. Qg2+ Kf6 38. Qf2+ Qf5 39. Qh4+ Kg6 40.
Qg3+ Kf6 41. Qc3 Kg6 42. b3 Re6 43. Qg3+ Kh5 44. Qxg7 Rc6 45. Rxh6+ Rxh6 46. Qxh6+ Kg4 47. Qxa6 Qd5 48. Qf6 Kh5 49. Qh8+ Kg4 50. Qh7 f5 51. Qg7+ Kf3 52. Qg5 Qe4 53. Qg1 Qe2 54. Qh1+ 1-0

[Event "*** Titled Tuesday Blitz"]
[Site "Chess.com"]
[Date "2020.11.03"]
[Round "7"]
[White "Sofiia_Hryzlova"]
[Black "CarlssonLudvig"]
[Result "1-0"]
[WhiteElo "2306"]
[BlackElo "2416"]
[TimeControl "180+1"]
[EndTime "11:21:33 PST"]
[Termination "Sofiia_Hryzlova won on time"]

1. c4 Nf6 2. Nc3 g6 3. d4 Bg7 4. e4 d6 5. h3 O-O 6. Be3 e5 7.
d5 Nh5 8. Be2 Nf4 9. Bf3 f5 10. g3 Nh5 11. exf5 Qe8 12. fxg6 hxg6 13. Bg2 Nf4 14. Be4 Na6 15. Qd2 Bf5 16. O-O-O Bxe4 17.
Nxe4 Nh5 18. Ne2 Nf6 19. N2c3 Nxe4 20. Nxe4 Qa4 21. b3 Qa3+ 22. Qb2 Qxb2+ 23. Kxb2 Nb8 24. Ng5 Nd7 25. Ne6 Rfc8 26. h4 Nf8 27. Nxg7 Kxg7 28. h5 Nd7 29. hxg6 Rh8 30. Rh7+ Rxh7 31. gxh7 Kxh7 32.
Rh1+ Kg7 33. Kc2 a5 34. Kd3 Nf6 35. Bg5 Nd7 36. Be3 b6 37. Rh4 Nf6 38. a3 Kg6 39.
f4 exf4 40. Rxf4 Rh8 41. Bd4 Rf8 42. Rxf6+ Rxf6 43. Bxf6 Kxf6 44. Ke4 Kg5 45. Kf3 Kf5 46. b4 axb4 47. axb4 Kg5 48. g4 Kg6 49. Kf4 Kf6 50. g5+ Kg6 51. Kg4 Kg7 52. Kf5 Kf7 53. g6+ Ke7 54. Kg5 Kf8 55. Kh6 Kg8 56. g7 b5 57.
cxb5 c6 58. bxc6 Kf7 59. Kh7 Ke7 60. g8=Q Kf6 61. Qg7+ Kf5 62. c7 Ke4 63. c8=Q 1-0

[Event "*** Titled Tuesday Blitz"]
[Site "Chess.com"]
[Date "2020.11.03"]
[Round "7"]
[White "monalize"]
[Black "mr_gustavo"]
[Result "1/2-1/2"]
[WhiteElo "2269"]
[BlackElo "2395"]
[TimeControl "180+1"]
[EndTime "11:21:33 PST"]
[Termination "Game drawn by repetition"]

1. e4 e5 2. Nf3 Nc6 3. Bb5 a6 4. Bxc6 dxc6 5. O-O Bd6 6. d4 exd4 7. Qxd4 f6 8. Be3 Ne7 9. Nbd2 Ng6 10. Nc4 Be7 11. Rad1 Qxd4 12. Nxd4 O-O 13. h3 Ne5 14. Nd2 c5 15. Nf5 Bxf5 16. exf5 Rad8 17. Ne4 b6 18. b3 c4 19. f4 Nc6 20. bxc4 Rde8 21. Bf2 Bb4 22. Ng3 Na5 23. c5 Bxc5 24. Bxc5 bxc5 25. Rd5 Nb7 26. Rfd1 Rd8 27. Kf2 Rxd5 28. Rxd5 Rd8 29. Rxd8+ Nxd8 30. Ke3 Kf7 31. Ne4 Nb7 32. Kd3 Ke7 33.
g4 h6 34. Nd2 Nd6 35. Kc3 Kd7 36.
Kd3 Kc6 37. c4 Kb6 38. Nf1 Ka5 39. Kc3 Ka4 40. Ne3 c6 41. Nc2 Ne4+ 42. Kd3 Nf2+ 43.
Ke3 Nxh3 44. Kf3 Ng1+ 45. Kf2 Nh3+ 46. Kf3 a5 47. Kg3 Ng1 48. Kf2 Nh3+ 49. Kf3 Ng1+ 50. Kf2 Nh3+ 51. Ke3 Ng1 52. Kf2 1/2-1/2

[Event "*** Titled Tuesday Blitz"]
[Site "Chess.com"]
[Date "2020.11.03"]
[Round "7"]
[White "Kotofeyca"]
[Black "Anna_ChessMate"]
[Result "0-1"]
[WhiteElo "2369"]
[BlackElo "2536"]
[TimeControl "180+1"]
[EndTime "11:21:34 PST"]
[Termination "Anna_ChessMate won by checkmate"]

1. d4 d5 2. c4 c6 3. Nc3 Nf6 4. cxd5 cxd5 5. Bf4 Nc6 6. e3 Bf5 7. Nf3 e6 8. Bb5 Bb4 9. Qa4 Bxc3+ 10. bxc3 O-O 11. Bxc6 bxc6 12. Qxc6 Rc8 13. Qd6 Ne4 14. Qxd8 Rfxd8 15. O-O Nxc3 16. Kh1 f6 17. Rfc1 g5 18. Bg3 h5 19. h4 g4 20. Ng1 Rc4 21.
f3 Kf7 22. Be1 Rdc8 23. Kh2 a5 24. Bd2 a4 25. a3 e5 26. dxe5 fxe5 27. Kg3 Ke6 28.
Kf2 gxf3 29. gxf3 Bd3 30. f4 Ne4+ 31. Ke1 exf4 32. exf4 Rg8 33. Nf3 Rg2 34. Rxc4 dxc4 35. Rc1 Re2+ 36. Kf1 Nxd2+ 37. Nxd2 Rxd2+ 38. Ke1 Re2+ 39. Kd1 Rh2 40. Rc3 Kf5 41. Ke1 Kxf4 42. Kd1 Ke3 43.
Kc1 Rxh4 44. Kb2 Rh2+ 45. Ka1 Rh1+ 46. Kb2 h4 47. Ka2 Kd2 48. Rc1 Kxc1 49. Ka1 Kd2+ 50.
Ka2 Bb1+ 51. Ka1 Bc2+ 52. Ka2 Bb3+ 53. Kb2 c3# 0-1

[Event "*** Titled Tuesday Blitz"]
[Site "Chess.com"]
[Date "2020.11.03"]
[Round "7"]
[White "Goryachkina"]
[Black "IceBelka"]
[Result "1/2-1/2"]
[WhiteElo "2588"]
[BlackElo "2198"]
[TimeControl "180+1"]
[EndTime "11:21:35 PST"]
[Termination "Game drawn by repetition"]

1. e4 c6 2. d4 d5 3. exd5 cxd5 4. Bd3 Nc6 5. c3 Qc7 6. h3 e6 7. Nf3 Bd6 8. O-O Nge7 9. b3 Ng6 10. c4 O-O 11. c5 Bf4 12. Bxg6 hxg6 13. Nc3 Bxc1 14.
Rxc1 Qa5 15. Qc2 Bd7 16. a3 Qxa3 17. Ra1 Qb4 18. Rfd1 Rfc8 19. Qb2 Na5 20. Rdb1 b6 21. Na2 Qb5 22. Nc3 Qb4 23. Ne5 Be8 24. Na2 Qb5 25. b4 Nc4 26. Nxc4 Qxc4 27. Rc1 Qd3 28. Rd1 Qe4 29. Nc3 Qf4 30. Ne2 Qg5 31. Rac1 Bb5 32. Nc3 Bc4 33. Na4 b5 34. Nc3 a5 35. bxa5 Rxa5 36.
Ra1 Rca8 37. Rxa5 Rxa5 38. Qb4 Ra8 39. Nxb5 Rb8 40. c6 Rxb5 41. Qd6 Rb6 42. Qc5 Rb8 43. c7 Rc8 44. Qd6 Kh7 45. Qd7 Ba6 46. Ra1 Bb7 47. Rb1 Ba6 48. Ra1 Bb7 49. Rb1 Ba6 50. Ra1 1/2-1/2

[Event "*** Titled Tuesday Blitz"]
[Site "Chess.com"]
[Date "2020.11.03"]
[Round "7"]
[White "Fy_Rakotomaharo"]
[Black "Brave_spirit12"]
[Result "1-0"]
[WhiteElo "2628"]
[BlackElo "2492"]
[TimeControl "180+1"]
[EndTime "11:21:37 PST"]
[Termination "Fy_Rakotomaharo won by resignation"]

1. e4 e6 2. d3 d5 3. Qe2 Nf6 4. Nf3 Nc6 5. Nbd2 dxe4 6. Nxe4 Nxe4 7. Qxe4 Bc5 8. g3 O-O 9. Bg2 e5 10. O-O Re8 11. Ng5 g6 12. Nxf7 Kxf7 13. Qc4+ Be6 14.
Qxc5 Qd4 15. Be3 Qxc5 16. Bxc5 Bd7 17. c3 Rad8 18. f4 Kg7 19. fxe5 Rxe5 20. d4 Re2 21. Rf2 Rde8 22. Raf1 Bf5 23. h3 h5 24. Rxe2 Rxe2 25.
Rf2 Re1+ 26. Kh2 a5 27. Bf3 a4 28. g4 hxg4 29. hxg4 Bd7 30. Kg3 b6 31. Ba3 Ne7 32. Kf4 Nc8 33. Re2 Rf1 34. Kg3 c6 35. Bg2 Rf7 36.
c4 g5 37. Bb4 Rf4 38. Re4 Rf7 39. Bc3 Kg6 40. Re5 Nd6 41. b3 Rf4 42. Bf3 a3 43.
Rxg5+ Kxg5 44. Bd2 Kg6 45. Bxf4 Nb7 46. d5 Na5 47.
Bc7 Nxb3 48. axb3 cxd5 49. Bxd5 Kf6 50. Kf4 Bxg4 51. Be5+ Ke7 52. Kxg4 1-0

[Event "*** Titled Tuesday Blitz"]
[Site "Chess.com"]
[Date "2020.11.03"]
[Round "7"]
[White "Borsuk_Konstantin"]
[Black "Jumbo"]
[Result "1-0"]
[WhiteElo "2608"]
[BlackElo "2824"]
[TimeControl "180+1"]
[EndTime "11:21:38 PST"]
[Termination "Borsuk_Konstantin won on time"]

1. d4 Nf6 2. c4 e6 3. Nc3 Bb4 4.
Qc2 O-O 5. a3 Bxc3+ 6. Qxc3 b6 7. Bg5 Bb7 8. f3 c5 9. dxc5 bxc5 10. e3 a5 11. Nh3 d6 12. Bd3 Nbd7 13. b3 Qb6 14. a4 d5 15. O-O h6 16. Bf4 d4 17. Qc2 e5 18. Bg3 Rae8 19. e4 Nh5 20.
Be1 Bc8 21. g4 Nhf6 22. Nf2 Nb8 23. Be2 Nc6 24. Nd3 Re6 25. Kg2 Nd7 26. Bd2 Rfe8 27.
Rae1 Nf8 28. h4 Rg6 29. h5 Rf6 30. Bd1 Ne6 31. Qc1 Qc7 32. Rg1 Kf8 33. Ref1 Ke7 34. Rf2 Rh8 35. Kf1 Ke8 36. Rh2 Kd8 37. Rf2 Qe7 38.
Ke1 Kc7 39. Rh2 Kb6 40. Be2 Bd7 41. Kd1 Qd6 42. Ke1 Nf4 43. Nxf4 exf4 44. Bd3 Ne5 45. Ke2 Ka6 46. g5 hxg5 47. Rxg5 Rb8 48. Qc2 Nc6 49. Rxg7 1-0

[Event "*** Titled Tuesday Blitz"]
[Site "Chess.com"]
[Date "2020.11.03"]
[Round "7"]
[White "Jungle_Jaguar"]
[Black "Misticpikachu"]
[Result "1-0"]
[WhiteElo "2627"]
[BlackElo "2492"]
[TimeControl "180+1"]
[EndTime "11:21:39 PST"]
[Termination "Jungle_Jaguar won by checkmate"]

1. e4 c5 2. Nf3 Nc6 3. Bb5 e6 4. O-O Nge7 5. Re1 a6 6. Bf1 d5 7. exd5 Nxd5 8. c3 Be7 9. d4 cxd4 10. Nxd4 Nxd4 11. Qxd4 Nf6 12. Qh4 O-O 13. Nd2 b5 14. Nf3 Bb7 15. Bg5 h6 16. Bxh6 gxh6 17. Qxh6 Bxf3 18.
gxf3 Qd5 19. Kh1 Qh5 20. Qf4 Nd5 21. Qe4 Bd6 22. h3 Qh7 23. Qd4 Qg7 24. Qd2 Bf4 25. Qc2 Qh7 26. Re4 Nf6 27. Rae1 Nxe4 28. Rxe4 e5 29.
Kg2 Rad8 30. Bd3 Qg7+ 31. Kf1 Qh6 32. Re1 Qxh3+ 33. Ke2 f5 34. Qb3+ Kg7 35. Rg1+ Kf6 36. Qa3 Rf7 37. Qxa6+ Ke7 38. Qb7+ Rd7 39. Qxb5 e4 40.
fxe4 fxe4 41. Bxe4 Rd2+ 42. Ke1 Qe6 43. Qb7+ Rd7 44.
Qb4+ Bd6 45. Qa4 Rf4 46. f3 Rf7 47. Rg6 Qe5 48. Qa8 Rxf3 49. Rg8 Rf7 50. Qe8+ Kf6 51. Rg6# 1-0

[Event "*** Titled Tuesday Blitz"]
[Site "Chess.com"]
[Date "2020.11.03"]
[Round "7"]
[White "TheCairnTerrier"]
[Black "canary2016"]
[Result "0-1"]
[WhiteElo "2176"]
[BlackElo "1966"]
[TimeControl "180+1"]
[EndTime "11:21:40 PST"]
[Termination "canary2016 won by resignation"]

1. e4 c6 2. d4 d5 3. exd5 cxd5 4. Bd3 Nc6 5. c3 Nf6 6. h3 Qc7 7. Nf3 g6 8. O-O Bg7 9. Re1 O-O 10. Nbd2 Bf5 11. Nf1 e6 12. Be2 Be4 13. Ng3 Bxf3 14. Bxf3 Nd7 15. Be3 Rfe8 16. Qd2 Nb6 17. Bh6 Nc4 18. Qc1 e5 19. Bxg7 Kxg7 20. dxe5 N6xe5 21. Be2 Qb6 22. b3 Nd6 23. Qd2 Ne4 24. Nxe4 dxe4 25.
Bf1 Rad8 26. Qe3 Qxe3 27. Rxe3 Nd3 28. Bxd3 Rxd3 29. Rxd3 exd3 30. Rd1 Re2 31. a4 Rb2 32. b4 d2 33. Kf1 Rc2 34. Ke2 Rxc3 35. Rxd2 Rc4 36.
Rb2 Kf6 37. Kd3 Rf4 38. f3 Ke5 39. a5 Kd6 40. b5 Ra4 41. a6 bxa6 42. bxa6 Rxa6 43.
Rb7 Ke6 44. Ke3 Ra2 45. g4 a5 46. Ra7 a4 47. Kf4 Kf6 48. Ra6+ Kg7 49. h4 a3 50. Kg3 Ra1 51. Kf4 a2 52. Ra7 Kf6 53. Ra6+ Kg7 54. Ra7 Rh1 55. Rxa2 Rxh4 56. Ra7 Rh1 57. Kg3 h5 58. gxh5 gxh5 59. Ra6 f6 60. Ra5 Kg6 61. Rb5 Rg1+ 62. Kh2 Rg5 63. Kh3 Rxb5 0-1

[Event "*** Titled Tuesday Blitz"]
[Site "Chess.com"]
[Date "2020.11.03"]
[Round "7"]
[White "zmeeed67"]
[Black "Susal_De_Silva"]
[Result "0-1"]
[WhiteElo "2359"]
[BlackElo "2523"]
[TimeControl "180+1"]
[EndTime "11:21:42 PST"]
[Termination "Susal_De_Silva won on time"]

1. e4 c5 2. g3 d6 3. Bg2 Nc6 4. Ne2 g6 5. O-O Bg7 6. Nbc3 Nf6 7. a3 O-O 8. Rb1 Bd7 9. b4 cxb4 10. axb4 Ne8 11.
Nd5 e6 12. Ne3 a6 13. c3 Nc7 14.
d4 Ne7 15. f4 d5 16. e5 Nb5 17. Rb3 Rc8 18. Bd2 Nc7 19. g4 Ba4 20. f5 exf5 21.
gxf5 Bh6 22. f6 Bxe3+ 23. Bxe3 Nf5 24. Bd2 Bxb3 25. Qxb3 Ne6 26. Bh3 Kh8 27. Qb1 Rg8 28. Kh1 b5 29. Bxf5 gxf5 30. Qxf5 Rg6 31. Rf3 Qg8 32. Rh3 Ng5 33. Rg3 Ne6 34. Rh3 Ra8 35.
Ng3 Ng5 36. Bxg5 Rxg5 37. Qf3 Rd8 38. Kg2 Qg6 39. Qf2 Qe4+ 40. Kg1 Rdg8 41. Qg2 Qe1+ 42. Qf1 Qxc3 43. Kh1 Qxd4 44. e6 fxe6 45. f7 Rf8 46. Nh5 Rxh5 47. Rxh5 Qe4+ 48. Kg1 Qg6+ 49. Qg2 Qxh5 50.
Qb2+ e5 51. Qf2 Qxf7 0-1

[Event "*** Titled Tuesday Blitz"]
[Site "Chess.com"]
[Date "2020.11.03"]
[Round "7"]
[White "Rap_woyska"]
[Black "Karacsonyi_Gellert"]
[Result "0-1"]
[WhiteElo "2520"]
[BlackElo "2669"]
[TimeControl "180+1"]
[EndTime "11:21:43 PST"]
[Termination "Karacsonyi_Gellert won on time"]

1. c4 Nf6 2. Nf3 e6 3. e3 d5 4.
b3 Be7 5. Bb2 O-O 6. Nc3 c5 7.
cxd5 Nxd5 8. Qc2 Nc6 9. a3 b6 10. h4 h6 11. Bb5 Bb7 12. Ne4 f5 13. Ng3 Bf6 14. Nh5 Bxb2 15. Qxb2 Qe7 16. Ne5 Nxe5 17. Qxe5 Nf6 18. Nxf6+ Qxf6 19. Qxf6 Rxf6 20. f3 e5 21. Rc1 Rd6 22. Ke2 Rad8 23. Rhd1 Kf8 24. b4 a6 25. Ba4 Rc8 26. bxc5 bxc5 27. Rb1 Bc6 28. Bc2 Bb5+ 29. Ke1 Bd3 30. Rdc1 Ke7 31. Rb3 Bxc2 32. Rxc2 g5 33. h5 f4 34. Ke2 Kd7 35. Rb7+ Kc6 36. Rb3 Rc7 37. Rc4 Kd5 38. Rbc3 Rb6 39. Rc2 Rb5 40. a4 Rb3 41. Kf2 fxe3+ 42. dxe3 a5 43. Ke2 Rb4 44.
R4c3 Rxa4 45. Rd2+ Kc6 46. Rdc2 Kb5 47. Rd2 Rc6 48.
Rd5 Ra2+ 49. Kf1 Kb4 50. Rc1 c4 51. Rxe5 c3 52. Re8 c2 53. Ke2 Kc3 54. Rb8 Rb2 55. Rd8 Rb1 56. Rd3+ Kb2 0-1